 Dungeon Crawl Stone Soup version 0.18-a0-1323-g706dcef (webtiles) character file.

1060 GrosslyIncandescent the Insei (level 8, -2/62 HPs)
             Began as a Mummy Monk on Feb 15, 2016.
             Slain by a centaur (8 damage)
             ... on level 6 of the Dungeon.
             The game lasted 00:19:57 (10174 turns).

GrosslyIncandescent the Insei (Mummy Monk)         Turns: 10174, Time: 00:19:57

Health: -2/62      AC:  3    Str: 14    XL:     8   Next: 6%
Magic:  8/8        EV: 15    Int:  9    God:
Gold:   337        SH:  4    Dex: 17    Spells: 0 memorised, 7 levels left

rFire  x . .     SeeInvis .       - Unarmed
rCold  + . .     Gourm    .     (no armour)
rNeg   + + +     Faith    .     (no shield)
rPois  ∞         Spirit   .     (no helmet)
rElec  .         Dismiss  .     (no cloak)
rCorr  .         Reflect  +     a - +2 pair of gloves
SustAt .         Harm     .     (no boots)
MR     +....                    e - +4 amulet of reflection {Just Dew it}
Stlth  ++........               (no ring)
                                (no ring)

@: somewhat resistant to hostile enchantments, unstealthy
A: no food or potions, fire vulnerability, cold resistance 1, negative energy
resistance 3, torment resistance, unbreathing
a: no special abilities


You were on level 6 of the Dungeon.
You were not hungry.

You visited 1 branch of the dungeon, and saw 6 of its levels.
You also visited: Sewer.

You collected 337 gold pieces.


Innate Abilities, Weirdness & Mutations

You do not eat or drink.
Your flesh is vulnerable to fire.
You are immune to poison.
Your flesh is cold resistant.
You are immune to negative energy.
You are immune to unholy pain and torment.
You can survive without breathing.


   Skills:
 - Level 5.2 Fighting
 - Level 5.0 Dodging
 - Level 1.5 Stealth
 + Level 6.3 Unarmed Combat


You had 7 spell levels left.
You didn't know any spells.

Inventory:

Armour
 a - a +2 pair of gloves (worn)
 o - the cursed +0 ring mail of the Pink Corner {Str+5 Dex-3 Slay+2, unknown}

   It affects your strength (+5).
   It affects your dexterity (-3).
   It affects your accuracy and damage with ranged weapons and melee attacks
   (+2).
   It has a curse placed upon it.
Jewellery
 e - a +4 amulet of reflection (around neck) {Just Dew it}
Scrolls
 b - 2 scrolls of fog
 c - 2 scrolls of blinking
 d - 4 scrolls of remove curse
 f - a scroll of fear {unknown}
 g - 3 scrolls of magic mapping
 h - a scroll of amnesia
 i - 2 scrolls of noise {unknown}
 j - 3 scrolls of random uselessness (quivered)
 k - 4 scrolls of teleportation {@r4}
 l - a scroll of immolation {unknown}
 m - 2 scrolls of identify {@r1}
 n - a scroll of recharging {unknown}
Books
 p - a Fen Folio {Ward against hydras}

   Spells                             Type                      Level
   a - Corpse Rot                     Necromancy                   2
   b - Stone Arrow                    Conjuration/Earth            3
   c - Leda's Liquefaction            Hexes/Earth                  4
   d - Summon Forest                  Summoning/Translocation      5
   e - Hydra Form                     Transmutation                6
   f - Summon Hydra                   Summoning                    7

Dungeon Overview and Level Annotations

Branches:
Dungeon (6/15)
 Temple: D:4-7

Altars:
Dithmenos
Gozag
Kikubaaqudgha
Okawaru
Sif Muna
Zin
The Shining One

Annotations:
D:6 exclusion: centaur

▒.▒ ▒.▒ ▒.▒
▒.▒ .. ▒.▒▒
.. ▒▒▒▒..▒▒
▒(.....▒
▒.▒▒▒.[▒ ▒.▒
...▒ ▒(▒
.▒.▒
▒@▒▒.▒.▒
▒c.....▒
▒........▒▒▒
▒.▒▒▒▒▒..▒
..▒ ..▒ .▒▒
.▒ ▒▒


You could see a centaur.


Message History

Really walk into a travel-excluded area?
Okay, then.
Really walk into a travel-excluded area?
The centaur unwields an uncursed shortbow of flaming.
It stops flaming.
The centaur hits you but does no damage.
Things that are here:
an arrow; an adder corpse You barely miss the centaur.
You punch the centaur.
The centaur is heavily wounded.
The centaur completely misses you. The centaur hits you!
* * * LOW HITPOINT WARNING * * *
You completely miss the centaur.
The centaur is heavily wounded.
The centaur hits you.
* * * LOW HITPOINT WARNING * * *
You hit the centaur but do no damage.
The centaur is heavily wounded.
The centaur hits you.
* * * LOW HITPOINT WARNING * * *
You hit the centaur.
The centaur is severely wounded.
The centaur hits you.
* * * LOW HITPOINT WARNING * * *
The centaur hits you.
* * * LOW HITPOINT WARNING * * *
You hit the centaur but do no damage.
The centaur is severely wounded.
The centaur hits you!
You die...

Action                   |  1- 3 |  4- 6 |  7- 9 || total
-------------------------+-------+-------+-------++-------
Melee: Unarmed           |    96 |   269 |   426 ||   791
  Use: Scroll            |       |     8 |     4 ||    12
 Stab: Sleeping          |     6 |     4 |     2 ||    12

Vault maps used:
D:1:      minmay_arrival_open_corners, hangedman_decor_push
D:3:      nicolae_dithmenos_through_a_glass_darkly, first_bread
D:4:      gammafunk_temple_overflow_elements, uniq_edmund
D:5:      kennysheep_mini, overflow_temple_1_default, basic_altar,
          portal_sewer_entry_f, okawaru_metal_pillars_3
D:6:      serial_shops, kennysheep_little_box, bloody_trog, uniq_eustachio,
          uniq_pikel
Sewer:    sewer_minmay_treatment

Notes
Turn   | Place    | Note
--------------------------------------------------------------
     0 | D:1      | GrosslyIncandescent the Mummy Monk began the quest for the Orb.
     0 | D:1      | Reached XP level 1. HP: 18/18 MP: 1/1
    86 | D:1      | I'm keeping this
   421 | D:2      | Reached XP level 2. HP: 24/24 MP: 2/2
   797 | D:2      | Reached skill level 4 in Unarmed Combat
   797 | D:2      | Reached XP level 3. HP: 12/29 MP: 3/3
  1561 | D:2      | Reached XP level 4. HP: 26/35 MP: 4/4
  2881 | D:3      | Found a shadowy altar of Dithmenos.
  2932 | D:3      | Reached skill level 5 in Unarmed Combat
  3229 | D:3      | Reached XP level 5. HP: 29/41 MP: 5/5
  3617 | D:4      | Reached skill level 4 in Fighting
  3914 | D:4      | Noticed Edmund
  4494 | D:4      | Reached skill level 5 in Fighting
  4494 | D:4      | Reached XP level 6. HP: 20/51 MP: 6/6
  4984 | D:4      | Noticed a sky beast
  5027 | D:4      | HP: 4/51 [sky beast (6)]
  5680 | D:3      | Killed Edmund
  5680 | D:3      | Reached skill level 3 in Dodging
  6170 | D:4      | Found a deep blue altar of Sif Muna.
  6170 | D:4      | Found a glowing silver altar of Zin.
  6213 | D:4      | Killed a sky beast
  6213 | D:4      | Reached skill level 4 in Dodging
  6213 | D:4      | Reached XP level 7. HP: 18/56 MP: 7/7
  6463 | D:5      | Entered Level 5 of the Dungeon
  6463 | D:5      | Found an opulent altar of Gozag.
  6533 | D:5      | Found an ancient bone altar of Kikubaaqudgha.
  6570 | D:5      | Found an iron altar of Okawaru.
  6688 | D:5      | Found a glowing drain.
  6723 | Sewer    | Entered a sewer
  7335 | Sewer    | Reached skill level 5 in Dodging
  8076 | Sewer    | 0big
  8355 | D:5      | Found a glowing golden altar of the Shining One.
  8420 | D:5      | Got a faintly humming ring mail
  9356 | D:5      | HP: 5/56 [something (6)]
  9358 | D:5      | ha
  9368 | D:5      | Reached skill level 6 in Unarmed Combat
  9369 | D:5      | oh
 10026 | D:6      | Reached XP level 8. HP: 62/62 MP: 8/8
 10173 | D:6      | HP: 6/62 [centaur (2)]
 10174 | D:6      | Slain by a centaur

Vanquished Creatures
  Edmund (D:3)
  A sky beast (D:4)
  A slave (D:5)
  3 scorpions (D:4)
  A crimson imp (D:6)
  An orc priest (D:5)
  2 hounds (D:5)
  An iguana (D:6)
  3 orc wizards
  3 worker ants
  A hound zombie (D:5)
  A hound skeleton (D:5)
  7 gnolls
  12 adders
  6 river rats (Sewer)
  A shadow imp (D:6)
  2 oozes
  2 adder zombies (D:5)
  An adder skeleton (D:4)
  A worm (D:2)
  2 giant geckos
  17 orcs
  8 giant cockroaches
  7 goblins
  3 hobgoblins
  21 kobolds
  3 ball pythons
  8 bats
  8 giant newts
  27 rats
155 creatures vanquished.
